 Dungeon Crawl Stone Soup version 0.22.1-5-g62c59d9 (webtiles) character file.

1563 errolflynn the Cleaver (level 8, -12/71 HPs)
             Began as a Minotaur Berserker on Jan 7, 2019.
             Was a High Priest of Trog.
             Killed by nerve-wracking pain
             ... invoked by an orc priest
              (13 damage)
             ... on level 6 of the Dungeon.
             The game lasted 01:00:28 (4813 turns).

errolflynn the Cleaver (Minotaur Berserker)         Turns: 4813, Time: 01:00:28

Health: -12/71     AC: 13    Str: 27    XL:     8   Next: 58%
Magic:  7/7        EV: 10    Int:  5    God:    Trog [*****.]
Gold:   260        SH: 10    Dex: 11    Spells: 7/7 levels left

rFire    + . .     SeeInvis .   a - +1 hand axe
rCold    x . .     Gourm    .   u - +0 shield
rNeg     . . .     Faith    .   k - +0 scale mail
rPois    .         Spirit   .   (helmet restricted)
rElec    .         Reflect  .   i - +2 cloak {MR+}
rCorr    .         Harm     .   (no gloves)
MR       +....                  t - +1 pair of boots
Stlth    ..........             (no amulet)
HPRegen  0.21/turn              h - ring of fire
MPRegen  0.10/turn              w - +5 ring of strength

@: no status effects
A: retaliatory headbutt, horns 2
a: Berserk, Trog's Hand, Brothers in Arms, Renounce Religion


You were on level 6 of the Dungeon.
You worshipped Trog.
Trog was extremely pleased with you.
You were not hungry.

You visited 1 branch of the dungeon, and saw 6 of its levels.

You collected 260 gold pieces.

Inventory:

Hand Weapons
 a - a +1 hand axe (weapon)
 d - a +0 giant club
 g - a +0 hand axe
 s - a +1 short sword of electrocution
 x - a +0 flail
 y - a cursed -2 hunting sling
 I - a +0 short sword of freezing
 J - a +0 flail
 L - a +0 hand axe
 M - a +0 shortbow
 S - a +0 hand axe
 W - a +0 hunting sling
Missiles
 r - 121 stones (quivered)
 C - 74 arrows
 D - 9 tomahawks
 P - 19 bolts
Armour
 b - a +0 animal skin
 f - a +0 buckler
 i - a +2 cloak of magic resistance (worn)
 j - a +0 leather armour
 k - a +0 scale mail (worn)
 o - a +0 ring mail
 t - a +1 pair of boots (worn)
 u - a +0 shield (worn)
 z - a +0 scale mail
 A - a +0 helmet
 B - a +0 chain mail
 E - a +0 ring mail
 R - a cursed +0 scale mail
 U - a +0 scale mail
 V - a +0 ring mail
Jewellery
 h - a ring of fire (left hand)
 w - a +5 ring of strength (right hand)
 X - an uncursed ring of poison resistance {unknown}
Wands
 T - a wand of disintegration (15)
Scrolls
 l - 3 scrolls of identify
 p - 3 scrolls of amnesia {unknown}
 v - a scroll of random uselessness
 H - 2 scrolls of remove curse
 K - 4 scrolls of fog
 Q - a scroll of fear
 Z - 3 scrolls of teleportation {unknown}
Potions
 e - a potion of haste {unknown}
 m - 2 potions of ambrosia {unknown}
 n - 3 potions of flight {unknown}
 q - a potion of curing
 F - 2 potions of lignification {unknown}
 G - 3 potions of heal wounds {unknown}
 N - 2 potions of berserk rage {unknown}
 O - a potion of magic {unknown}
 Y - 2 potions of might {unknown}
Comestibles
 c - 6 rations


   Skills:
 + Level 6.7 Fighting
   Level 0.4 Long Blades
 + Level 9.0 Axes
 + Level 5.9 Armour
 + Level 4.4 Dodging
 + Level 1.7 Stealth
 + Level 3.1 Shields


You had 7 spell levels left.
You didn't know any spells.
Your spell library contained the following spells:

 Spells                   Type           Power        Failure   Level  Hunger
 Bolt of Magma            Conj/Fire/Erth #.........   100%        5    ######.
 Iskenderun's Battlesphe  Conj/Chrm      #.......     100%        5    ######.
 Venom Bolt               Conj/Pois      #.........   100%        5    ######.
 Iron Shot                Conj/Erth      #.........   100%        6    #######
 Orb of Destruction       Conj           #.........   100%        7    #######
 Spellforged Servitor     Conj/Summ      #.........   100%        7    #######


Dungeon Overview and Level Annotations

Branches:
Dungeon (6/15)             Temple (0/1) D:5

Altars:
Kikubaaqudgha
The Shining One

Portals:
Ossuary: D:5


Innate Abilities, Weirdness & Mutations

You reflexively headbutt those who attack you in melee.
You have a pair of horns on your head.


Message History

You closely miss the orc priest. You slash the giant cockroach!
You kill the giant cockroach!
Trog accepts your kill.
You hit the orc priest. You hit the orc warrior.
You block the orc priest's attack.
The orc warrior hits you with a battleaxe.
* * * LOW HITPOINT WARNING * * *
The orc priest misses you.
The orc priest hits you but does no damage.
You hit the orc priest.
You kill the orc priest!
Trog accepts your kill.
Your Axes skill increases to level 9!
You hit the orc priest. You closely miss the orc warrior.
The orc warrior hits you with a battleaxe.
* * * LOW HITPOINT WARNING * * *
You block the orc priest's attack.
The orc priest calls down the wrath of Beogh upon you.
Pain shoots through your body!
You die...

############.# #.#
#.# #.# #.# . #.#
###..
#.############
.....
#.....#.......
.....
#####....@#.......
.....
+........oo†......
.....
#.........#.......
###..
#.......$.#.......
###..
#....†#####.......
..... ........
....... #####
##..... .......
#....# .......
#.... #######


You could see an orc warrior and an orc priest.

Vanquished Creatures
  Sigmund (D:6)
  A water moccasin (D:6)
  An ice beast (D:5)
  2 ogres
  A centaur (D:5)
  A bullfrog (D:6)
  3 scorpions
  A crimson imp (D:5)
  2 hounds (D:4)
  2 centaur zombies (D:5)
  A jelly (D:5)
  2 orc wizards
  4 orc priests
  An iguana (D:6)
  3 worker ants
  Terence (D:3)
  A killer bee zombie (D:6)
  A hound skeleton (D:6)
  Robin (D:2)
  4 adders
  An ooze (D:1)
  5 worms
  2 dart slugs
  3 leopard geckos
  22 orcs
  7 giant cockroaches
  22 goblins
  5 hobgoblins
  10 jackals
  4 quokkas
  A ball python (D:2)
  A ball python skeleton (D:4)
  10 bats
  2 frilled lizards
  A jackal skeleton (D:6)
  8 kobolds
  26 rats
164 creatures vanquished.

Notes
Turn   | Place    | Note
-------+----------+-------------------------------------------
     0 | D:1      | errolflynn the Minotaur Berserker began the quest for the
                  | Orb.
     0 | D:1      | Reached XP level 1. HP: 19/19 MP: 0/0
   283 | D:1      | Reached skill level 4 in Axes
   283 | D:1      | Reached XP level 2. HP: 25/27 MP: 1/1
   546 | D:1      | Reached ** piety under Trog
   812 | D:2      | Reached XP level 3. HP: 31/33 MP: 2/2
  1188 | D:2      | Noticed Robin
  1207 | D:2      | Reached *** piety under Trog
  1211 | D:2      | Reached XP level 4. HP: 32/41 MP: 3/3
  1217 | D:2      | Killed Robin
  1217 | D:2      | Reached skill level 5 in Axes
  1293 | D:2      | Found an ancient bone altar of Kikubaaqudgha.
  1450 | D:3      | Noticed Terence
  1465 | D:3      | Killed Terence
  1902 | D:3      | Reached XP level 5. HP: 32/47 MP: 4/4
  2016 | D:3      | Reached skill level 6 in Axes
  2414 | D:3      | Reached **** piety under Trog
  2735 | D:4      | Noticed an ogre
  2742 | D:4      | Killed an ogre
  2742 | D:4      | Reached skill level 5 in Fighting
  2742 | D:4      | Reached skill level 1 in Shields
  2742 | D:4      | Reached XP level 6. HP: 40/56 MP: 5/5
  2831 | D:4      | Reached skill level 7 in Axes
  2903 | D:4      | Found a glowing golden altar of the Shining One.
  3481 | D:4      | Reached XP level 7. HP: 44/61 MP: 6/6
  3774 | D:5      | Entered Level 5 of the Dungeon
  3775 | D:5      | Found a sand-covered staircase.
  3903 | D:5      | Reached skill level 1 in Stealth
  4016 | D:5      | Found a staircase to the Ecumenical Temple.
  4158 | D:5      | Reached skill level 8 in Axes
  4499 | D:6      | Reached XP level 8. HP: 70/70 MP: 7/7
  4517 | D:6      | Reached skill level 5 in Armour
  4595 | D:6      | Noticed Sigmund
  4600 | D:6      | Killed Sigmund
  4799 | D:6      | Reached ***** piety under Trog
  4810 | D:6      | HP: 3/71 [orc warrior/battleaxe (4)]
  4812 | D:6      | Reached skill level 9 in Axes
  4812 | D:6      | HP: 1/71 [orc warrior/battleaxe (2)]
  4813 | D:6      | Killed from afar by an orc priest

Skill      XL: |  1  2  3  4  5  6  7  8 |
---------------+-------------------------+-----
Axes           | 4 5 6 7 8 9 |  9.0
Fighting       | 4 5 6 |  6.7
Armour         | 3 4 5 |  5.9
Dodging        | 3 4 |  4.4
Shields        | 1 2 3 |  3.1
Stealth        | 1 |  1.7
Long Blades    | |  0.4

Action                   |  1- 3 |  4- 6 |  7- 9 || total
-------------------------+-------+-------+-------++-------
Melee: Hand axe          |   100 |   121 |   115 ||   336
       Headbutt          |    13 |    33 |    27 ||    73
       Falchion          |       |    25 |       ||    25
  Use: Scroll            |     1 |     9 |       ||    10
       Potion            |       |       |     2 ||     2
  Eat: Ration            |       |     2 |     2 ||     4
       Chunk             |       |     1 |       ||     1
Armor: Animal skin       |    15 |       |       ||    15
       Leather armour    |    25 |    11 |       ||    36
       Scale mail        |       |    31 |    47 ||    78
Dodge: Dodged            |    68 |    66 |    51 ||   185
Block: Buckler           |     4 |    16 |    10 ||    30
       Shield            |       |       |    36 ||    36
       Rpst.: Falchion   |       |     2 |       ||     2
